 Dungeon Crawl Stone Soup version 0.26.1-2-gb8aa6d0cf2 (webtiles) character file.

Game seed: 1651057012258920918

162 Ladykiller69 the Skirmisher (level 5, 0/55 HPs)
             Began as an Ogre Hunter on Mar 16, 2021.
             Slain by an orc
             ... wielding a +0 short sword
              (7 damage)
             ... on level 3 of the Dungeon.
             The game lasted 00:08:44 (4903 turns).

Ladykiller69 the Skirmisher (Ogre Hunter)           Turns: 4903, Time: 00:08:45

Health: 0/55       AC:  3    Str: 16    XL:     5   Next: 43%
Magic:  5/5        EV: 10    Int: 12    God:
Gold:   127        SH:  0    Dex: 10    Spells: 4/4 levels left

rFire    . . .     SeeInvis .   u - +0 flail
rCold    . . .     Faith    .   (no shield)
rNeg     . . .     Spirit   .   b - +0 robe
rPois    .         Reflect  .   (helmet restricted)
rElec    .         Harm     .   (no cloak)
rCorr    .         Rampage  .   (gloves unavailable)
Will     .....                  (boots unavailable)
Stlth    +.........             (no amulet)
HPRegen  0.18/turn              (no ring)
MPRegen  0.09/turn              (no ring)

@: no status effects
A: large, unfitting armour, tough skin 1
a: no special abilities


You were on level 3 of the Dungeon.
You visited 1 branch of the dungeon, and saw 4 of its levels.

You collected 127 gold pieces.

Inventory:

Hand Weapons
 u - a +0 flail (weapon)
Missiles
 c - 5 large rocks
 d - 2 throwing nets
 h - 2 boomerangs
 m - 58 stones (quivered)
Armour
 b - a +0 robe (worn)
Jewellery
 g - an uncursed amulet of magic regeneration {unknown}
 t - a +6 ring of dexterity {unknown}
Wands
 o - a wand of digging (10)
Scrolls
 a - a scroll of blinking {unknown}
 f - a scroll of immolation {unknown}
 i - 3 scrolls of magic mapping {unknown}
 j - 2 scrolls of remove curse {unknown}
 k - 3 scrolls of fear {unknown}
 l - a scroll of amnesia {unknown}
 n - 2 scrolls of teleportation {unknown}
 p - 3 scrolls of identify {unknown}
 q - 2 scrolls of enchant armour {unknown}
 s - a scroll of enchant weapon {unknown}
Potions
 e - 2 potions of curing {unknown}
 r - a potion of flight {unknown}


   Skills:
 + Level 4.6 Fighting
 * Level 3.5 Maces & Flails
 - Level 4.0 Throwing
 - Level 2.0 Dodging
 - Level 0.6 Stealth


You had 4 spell levels left.
You didn't know any spells.
Your spell library was empty.

Dungeon Overview and Level Annotations

Branches:
Dungeon (4/15)
 Temple: D:4-7

Altars:
Fedhas

Annotations:
D:3 Grinder


Innate Abilities, Weirdness & Mutations

You are too large for most types of armour.
You have tough skin. (AC +1)


Message History

a +0 short sword; a +0 ring mail
There is a stone staircase leading up here.
The orc barely misses you.
You climb upwards.
Level annotation: Grinder
There is a stone staircase leading down here.
You hit the orc but do no damage. The orc hits you with a +0 short sword.
You closely miss the orc. The orc hits you with a +0 short sword.
* * * LOW HITPOINT WARNING * * *
The orc hits you with a +0 short sword.
* * * LOW HITPOINT WARNING * * *
You are too injured to fight recklessly!
You thump the orc!
The orc is severely wounded.
The orc hits you with a +0 short sword.
* * * LOW HITPOINT WARNING * * *
You barely miss the orc.
The orc is severely wounded.
The orc hits you with a +0 short sword!
You die...

####.............# #.######
####.............#########.##....
.......................#....#.###
........#####.##.#####.#.#......#
........# #..#.# #.#.##.#.#.#
........# ##)#.# #.#.##.#.#..
........# #...# #.#.#....###
......### ##..#####.#.######
......# #.@o.....#.# ......#
##.#######.# ......# #...# #.####
......# ###.#####...(# #######
#.#.....##.# #.#.###.##.#
#.#...#.##.# #.###.#.##.#
#.......##.#


You could see an orc.

Vanquished Creatures
  A worker ant (D:3)
  A hound skeleton (D:4)
  An adder (D:3)
  An adder skeleton (D:4)
  2 worms
  3 dart slugs
  4 leopard geckos
  6 orcs
  4 bats
  5 giant cockroaches
  11 goblins
  8 hobgoblins
  8 jackals
  A quokka (D:4)
  A ball python (D:4)
  13 frilled lizards
  A jackal skeleton (D:4)
  9 kobolds
  11 rats
91 creatures vanquished.

Vanquished Creatures (others)
  3 plants (D:1)
3 creatures vanquished.

Grand Total: 94 creatures vanquished

Notes
Turn   | Place    | Note
-------+----------+-------------------------------------------
     0 | D:1      | Ladykiller69 the Ogre Hunter began the quest for the Orb.
     0 | D:1      | Reached XP level 1. HP: 22/22 MP: 1/1
    93 | D:1      | Reached XP level 2. HP: 15/31 MP: 2/2
   305 | D:1      | Reached skill level 1 in Maces & Flails
  1122 | D:1      | Reached XP level 3. HP: 37/37 MP: 3/3
  2631 | D:2      | Reached XP level 4. HP: 48/48 MP: 4/4
  2987 | D:3      | Found a blossoming altar of Fedhas.
  3605 | D:3      | Noticed Grinder
  3647 | D:3      | Paralysed by Grinder for 5 turns
  4083 | D:4      | Reached XP level 5. HP: 43/54 MP: 5/5
  4461 | D:4      | Noticed an ogre
  4903 | D:3      | Slain by an orc

Illustrated notes

Levels and vault maps discovered:
D:1:      scummos_arrival_star, layout_basic, minmay_lizard_king
D:2:      layout_basic, kennysheep_generic_room_6
D:3:      layout_basic, marbit_many_paths, tgw_fedhas, uniq_grinder
D:4:      cheibrodos_pilgrimage, layout_cave_pools, serial_shops,
          nicolae_shop_statue_plus, chequers_mini_garden, minmay_starry_boxes

Skill      XL: |  1  2  3  4 |
---------------+-------------+-----
Fighting       | 3 4 |  4.6
Dodging        | 2 |  2.0
Maces & Flails | 1 2 3 |  3.5
Throwing       | |  4.0
Stealth        | |  0.6

Action                   |  1- 3 |  4- 6 || total
-------------------------+-------+-------++-------
Melee: Short sword       |    31 |       ||    31
       Club              |   197 |   177 ||   374
       Flail             |       |    26 ||    26
Throw: Large rock        |     7 |       ||     7
       Stone             |    30 |       ||    30
 Stab: Sleeping          |       |     1 ||     1
Armor: Robe              |    78 |    75 ||   153
Dodge: Dodged            |   126 |   122 ||   248
